 Dungeon Crawl Stone Soup version 0.30-a0-122-g2a1322497e (webtiles) character file.

Game seed: 5112818537080139033

49790 Newt the Nimble (level 14, -2/104 (115) HPs)
             Began as a Demonspawn Gladiator on Sept 16, 2022.
             Was the Champion of Wu Jian.
             Slain by Rupert
             ... wielding a +2 great mace of draining
              (10 damage)
             ... on level 5 of the Lair of Beasts.
             The game lasted 00:26:24 (20590 turns).

Newt the Nimble (Demonspawn Gladiator)             Turns: 20590, Time: 00:26:24

HP:   -2/104 (115)  AC: 15    Str: 14    XL:     14   Next: 17%
MP:   23/25         EV: 24    Int: 14    God:    Wu Jian [******]
Gold: 1541          SH:  9    Dex: 24    Spells: 19/28 levels left

rFire   . . .      SeeInvis .    B - +10 quarterstaff of Royalism {vamp, rPois rC+ rN+}
rCold   + + .      Faith    .    (shield currently unavailable)
rNeg    + . .      Spirit   .    Q - +1 leather armour {rC+}
rPois   +          Reflect  +    (no helmet)
rElec   .          Harm     .    x - +2 cloak {Will+}
rCorr   .          Rampage  .    (gloves unavailable)
Will    +++..                    (no boots)
Stlth   ++........               E - amulet of reflection
HPRegen 0.27/turn                r - ring "Owkupy" {EV+4 Int+4}
MPRegen 0.19/turn                j - +6 ring of dexterity

@: wereblooded, drained
A: claws 3, yellow scales 2, icemail 1, powered by death 1, robust 1,
condensation shield, strong-willed 1, poison resistance, weak 1
a: Renounce Religion, Wall Jump, Serpent's Lash, Heavenly Storm


You were on level 5 of the Lair of Beasts.
You worshipped Wu Jian.
Wu Jian was exalted by your worship.
You visited 2 branches of the dungeon, and saw 13 of its levels.
You also visited: Sewer and Ice Cave.

You collected 1541 gold pieces.

Inventory:

Hand Weapons
 a - a +7 rapier
 B - the +10 quarterstaff of Royalism (weapon) {vamp, rPois rC+ rN+}
   (You found it on level 2 of the Lair of Beasts)

   It occasionally heals its wielder for a portion of the damage dealt when it
   wounds a living foe.
   rC:        It protects you from cold.
   rPois:     It protects you from poison.
   rN:        It protects you from negative energy.
Missiles
 d - 2 throwing nets
 e - a javelin
Armour
 b - a +0 leather armour
 c - a +0 helmet
 h - a +0 cloak
 q - a +0 plate armour
 x - a +2 cloak of willpower (worn)
 Q - a +1 leather armour of cold resistance (worn)
Jewellery
 j - a +6 ring of dexterity (right claw)
 m - an amulet of magic regeneration
 n - an amulet of guardian spirit
 r - the ring "Owkupy" (left claw) {EV+4 Int+4}
   (You found it on level 4 of the Dungeon)

   [ring of evasion]

   EV:        It affects your evasion (+4).
   Int:       It affects your intelligence (+4).
 s - a ring of see invisible
 E - an amulet of reflection (around neck)
 F - a ring of fire
Wands
 w - a wand of digging (7)
 y - a wand of polymorph (21)
 z - a wand of flame (23)
 A - a wand of charming (16)
 M - a wand of iceblast (2)
Scrolls
 i - 3 scrolls of fog
 k - 5 scrolls of enchant armour
 l - 3 scrolls of teleportation
 H - a scroll of amnesia
 J - a scroll of enchant weapon
 L - 2 scrolls of poison
 N - 2 scrolls of blinking
Potions
 f - 3 potions of brilliance
 g - 8 potions of curing
 o - a potion of heal wounds
 p - a potion of resistance
 t - 4 potions of mutation
 u - a potion of magic
 v - a potion of attraction
 C - a potion of flight
 G - a potion of haste {unknown}
 I - a potion of degeneration
 K - 2 potions of lignification {unknown}
 O - a potion of cancellation {unknown}
 P - a potion of berserk rage
Miscellaneous
 D - a phial of floods


   Skills:
 - Level 8.0 Fighting
 - Level 10.0 Short Blades
 - Level 10.0 Staves
 - Level 1.7 Throwing
 - Level 5.5 Armour
 - Level 10.0 Dodging
 - Level 2.0 Stealth
 + Level 7.8 Spellcasting
 - Level 10.0 Transmutations
 - Level 6.0 Evocations


You had 19 spell levels left.
You knew the following spells:

 Your Spells              Type           Power      Damage    Failure   Level
a - Beastly Appendage     Tmut           66%        N/A       1%          1
b - Wereblood             Tmut           33%        N/A       1%          2
c - Passwall              Tmut/Erth      15%        N/A       3%          2
d - Petrify               Tmut/Erth      19%        N/A       21%         4

Your spell library contained the following spells:

 Spells                   Type           Power      Damage    Failure   Level
 Spider Form              Tmut/Pois      19%        N/A       6%          3
 Apportation              Tloc           10%        N/A       16%         1
 Necrotise                Necr           20%        1d5       16%         1
 Summon Small Mammal      Summ           20%        N/A       16%         1
 Cigotuvi's Dreadful Rot  Necr/Pois/Air  10%        N/A       24%         2
 Ensorcelled Hibernation  Hex/Ice        10%        N/A       24%         2
 Static Discharge         Conj/Air       10%        3-4/arc   24%         2
 Sublimation of Blood     Necr           5%         N/A       24%         2
 Swiftness                Air            5%         N/A       43%         3
 Irradiate                Conj/Tmut      9%         3d14      50%         5
 Dispel Undead            Necr           5%         3d7       85%         4
 Arcjolt                  Conj/Air       2%         1d12      99%         5
 Lightning Bolt           Conj/Air       2%         1d14      99%         5
 Death Channel            Necr           2%         N/A       100%        6
 Maxwell's Capacitive Co  Air            2%         ∞         100%        8


Dungeon Overview and Level Annotations

Branches:
Dungeon (8/15)             Temple (0/1) D:6            Lair (5/5) D:8
 Shoals (0/4) Lair:2        Snake (0/4) Lair:3        Slime (0/5) Lair:5
  Sewer (visited)           IceCv (visited)

Altars:
Gozag
Makhleb
Nemelex Xobeh
Okawaru
Sif Muna
Wu Jian
Xom
Jiyva

Shops:
D:4 [

Annotations:
Lair:5 Rupert


Innate Abilities, Weirdness & Mutations

You have claws for hands.
You are mostly covered in yellow scales. (AC +3)
A meltable icy envelope protects you from harm. (AC +4)
You regenerate a little health from kills.
You are robust. (+10% HP)
A meltable shield of frost defends you. (SH +4)
You are strong-willed. (Will+)
Your system is resistant to poisons. (rPois)
You are weak. (Str -2)


Message History

You sock the yak!
You kill the yak!
The Council accepts your kill.
No target in view!
No target in view!
No target in view!
No target in view!
No target in view!
No target in view!
You see here a yak corpse.
You see here a staff of death.
Rupert the Wild comes into view.
He is wielding a +2 great mace of draining.
Rupert is nearby!
Rupert is nearby!
A yak comes into view.
Rupert shouts!
The yak bellows!
Rupert roars madly and goes into a rage!
Rupert goes berserk!
You hear a bellow!
You hear a roar!
Casting: Wereblood (safe; 1% risk of failure)
Press: ? - help, Q - select action, (/) - cycle Dir - look around, f - activate Your blood is infused with primal strength.
Rupert hits you with a +2 great mace of draining!
You partially resist.
You feel drained.
You hear a bellow!
You sock Rupert!
You feel better.
Rupert is lightly wounded.
Rupert hits you with a +2 great mace of draining!!
You partially resist.
You feel drained.
You hit Rupert.
Rupert is lightly wounded.
Rupert hits you with a +2 great mace of draining!!
You partially resist.
You feel drained.
You sock Rupert!
You feel better.
Rupert is lightly wounded.
Rupert hits you with a +2 great mace of draining!!!
* * * LOW HITPOINT WARNING * * *
You partially resist.
You feel drained.
You die...

## #P..# #...#
#.##...# ..#..
.#......##...
...........#
#P.....# #P...#
##.Y.# ### #.#@##
..# ###@# #..#
#..# #..### #.#...
#..###....## #....
##.........## #..#
###........###..##
#........#.....#
#........#......
##........††#...
#|........†.....


You could see Rupert (berserk) and a yak.

Vanquished Creatures
  A frost giant (IceCv)
  Nessos (Lair:3)
  The ghost of mrzisme the Geomancer, a journeyman GrEE of Vehumet (Lair:4)
  2 hydras
  3 two-headed ogres
  7 death yaks (IceCv)
  A lindwurm (Lair:4)
  2 oklob plants (Lair:5)
  10 elephants
  An ugly thing (IceCv)
  A spectral boulder beetle (Lair:4)
  A merfolk siren (Lair:2)
  Joseph (Lair:1)
  5 black mambas
  An ice statue (IceCv)
  8 cane toads
  A demonic crawler (Lair:5)
  8 rime drakes
  4 komodo dragons
  A merfolk (Lair:2)
  Grinder (D:6)
  7 blink frogs
  7 polar bears
  4 dream sheep (Lair:5)
  Sigmund (D:5)
  7 wyverns
  A basilisk (Lair:1)
  75 yaks
  A death yak simulacrum (Lair:3)
  A steam dragon (D:7)
  A naga (Lair:3)
  4 swamp worms (Lair:5)
  15 water moccasins
  Pargi (Sewer)
  2 ice beasts
  2 sky beasts
  4 black bears
  An orc warrior (D:5)
  2 ogres
  A black mamba simulacrum (Lair:4)
  25 wolves
  3 centaurs
  A kobold brigand (D:8)
  3 scorpions
  12 bullfrogs
  2 necrophages (D:6)
  A gnoll sergeant (D:8)
  3 cane toad simulacra (Lair:3)
  4 wights (D:7)
  7 killer bees
  2 elephant simulacra
  A torpor snail simulacrum (Lair:4)
  5 hounds
  Crazy Yiuf (D:5)
  A jelly (D:6)
  A komodo dragon simulacrum (Lair:4)
  An orc priest (D:5)
  3 gnoll boudas
  11 hell rats
  4 iguanas
  2 orc wizards
  A wolf simulacrum (Lair:3)
  25 gnolls
  7 adders
  3 shadow imps
  A white imp (D:6)
  An ufetubus (D:5)
  3 worms
  A dart slug (D:4)
  15 orcs
  3 bats
  An endoplasm (D:1)
  3 giant cockroaches
  6 goblins
  7 hobgoblins
  3 jackals (D:1)
  13 kobolds
  2 quokkas
  12 ball pythons
  14 frilled lizards
  5 rats
417 creatures vanquished.

Vanquished Creatures (collateral kills)
  The ghost of Pooter the Severer, a journeyman MiBe of Trog (Lair:2)
  A merfolk siren (Lair:2)
  A merfolk (Lair:2)
  2 yaks (Lair:1)
5 creatures vanquished.

Vanquished Creatures (others)
  A blink frog (Lair:2)
  A spectral torpor snail (Lair:4)
  A bush (Lair:1)
  27 fungi
  45 plants
75 creatures vanquished.

Grand Total: 497 creatures vanquished

Notes
Turn   | Place    | Note
-------+----------+-------------------------------------------
     0 | D:1      | Newt the Demonspawn Gladiator began the quest for the Orb.
     0 | D:1      | Reached XP level 1. HP: 16/16 MP: 1/1
    32 | D:1      | Reached skill level 1 in Stealth
   245 | D:1      | Found a faded altar of an unknown god.
   253 | D:1      | Gained mutation: You have sharp fingernails. [demonic
                  | ancestry]
   253 | D:1      | Reached XP level 2. HP: 20/22 MP: 2/2
   368 | D:1      | Prayed at the altar of an unknown god.
   368 | D:1      | Became a worshipper of the Wu Jian Council
   368 | D:1      | Reached * piety under Wu Jian
  1331 | D:2      | Reached XP level 3. HP: 28/28 MP: 3/3
  1577 | D:2      | Reached ** piety under Wu Jian
  2243 | D:3      | Found a glowing drain.
  2289 | Sewer    | Entered a sewer
  2470 | Sewer    | Noticed Pargi
  2500 | Sewer    | Killed Pargi
  2501 | Sewer    | Gained mutation: You have very sharp fingernails. [demonic
                  | ancestry]
  2501 | Sewer    | Reached XP level 4. HP: 18/37 MP: 4/4
  2501 | Sewer    | Reached XP level 5. HP: 21/42 MP: 5/5
  2847 | D:3      | Found a sparkling altar of Nemelex Xobeh.
  3729 | D:4      | Identified the ring "Owkupy" {EV+4 Int+4}
  4204 | D:4      | Found a burning altar of Makhleb.
  4359 | D:4      | Found Erac's Armour Shop.
  4705 | D:4      | Reached XP level 6. HP: 24/48 MP: 6/6
  4708 | D:4      | Reached skill level 5 in Armour
  4708 | D:4      | Reached skill level 5 in Spellcasting
  4708 | D:4      | Reached skill level 5 in Transmutations
  4708 | D:4      | Gained mutation: You regenerate a little health from kills.
                  | [demonic ancestry]
  4708 | D:4      | Reached XP level 7. HP: 33/54 MP: 6/15
  4711 | D:4      | Learned a level 1 spell: Beastly Appendage
  4836 | D:4      | Reached *** piety under Wu Jian
  5068 | D:5      | Entered Level 5 of the Dungeon
  5068 | D:5      | Noticed Sigmund
  5075 | D:5      | Killed Sigmund
  5272 | D:4      | Learned a level 2 spell: Wereblood
  5336 | D:4      | Reached XP level 8. HP: 20/60 MP: 13/16
  5605 | D:5      | Found an opulent altar of Gozag.
  5987 | D:5      | Found a shimmering altar of Xom.
  6128 | D:5      | Found a runed translucent door.
  6129 | D:5      | Noticed Crazy Yiuf
  6304 | D:5      | Found an iron altar of Okawaru.
  6378 | D:5      | Killed Crazy Yiuf
  6779 | D:6      | Noticed a two-headed ogre
  6786 | D:6      | Noticed a two-headed ogre
  7163 | D:6      | Killed a two-headed ogre
  7164 | D:6      | Reached skill level 5 in Fighting
  7164 | D:6      | Gained mutation: A meltable shield of frost defends you.
                  | (SH +4) [demonic ancestry]
  7164 | D:6      | Reached XP level 9. HP: 22/69 MP: 6/17
  7824 | D:6      | HP: 2/71 [two-headed ogre/+0 dire flail (18)]
  7828 | D:6      | Killed a two-headed ogre
  8082 | D:6      | Found a staircase to the Ecumenical Temple.
  8187 | D:6      | Reached **** piety under Wu Jian
  8352 | D:6      | Noticed Grinder
  8363 | D:6      | Killed Grinder
  8779 | D:6      | Gained mutation: You have a pair of small horns on your
                  | head. [potion of mutation]
  8779 | D:6      | Gained mutation: You are robust. (+10% HP) [potion of
                  | mutation]
  8781 | D:6      | Lost mutation: You are robust. (+10% HP) [potion of
                  | mutation]
  8781 | D:6      | Lost mutation: You have a pair of small horns on your head.
                  | [potion of mutation]
  8781 | D:6      | Gained mutation: You are weak. (Str -2) [potion of
                  | mutation]
  8781 | D:6      | Gained mutation: Your system is resistant to poisons.
                  | (rPois) [potion of mutation]
  8781 | D:6      | Gained mutation: You are strong-willed. (Will+) [potion of
                  | mutation]
  8782 | D:6      | Identified a scroll of acquirement
  8782 | D:6      | Acquired 831 gold pieces
  8832 | D:7      | Gained mutation: You are partially covered in yellow
                  | scales. (AC +2) [demonic ancestry]
  8832 | D:7      | Reached XP level 10. HP: 79/80 MP: 18/18
  9034 | D:7      | Reached skill level 5 in Dodging
  9498 | D:7      | Found a shimmering blue altar of Sif Muna.
  9671 | D:8      | Noticed a two-headed ogre
  9691 | D:8      | Killed a two-headed ogre
  9887 | D:8      | Reached ***** piety under Wu Jian
  9926 | D:8      | Gained mutation: You have claws for hands. [demonic
                  | ancestry]
  9926 | D:8      | Reached XP level 11. HP: 75/86 MP: 16/19
 10029 | D:8      | Found a staircase to the Lair.
 10714 | Lair:1   | Entered Level 1 of the Lair of Beasts
 11359 | Lair:1   | Reached skill level 10 in Dodging
 11815 | Lair:1   | Noticed Joseph
 11833 | Lair:1   | Killed Joseph
 12770 | Lair:1   | Reached skill level 10 in Short Blades
 12770 | Lair:1   | Reached skill level 1 in Evocations
 12770 | Lair:1   | Gained mutation: You are mostly covered in yellow scales.
                  | (AC +3) [demonic ancestry]
 12770 | Lair:1   | Reached XP level 12. HP: 68/92 MP: 3/20
 12938 | Lair:2   | HP: 3/92 [komodo dragon (18)]
 13411 | Lair:2   | Found a staircase to the Shoals.
 13431 | Lair:2   | Reached skill level 5 in Evocations
 13440 | Lair:2   | Identified the +10 quarterstaff of Royalism {vamp, rPois
                  | rC+ rN+}
 13549 | Lair:2   | Reached skill level 1 in Staves
 13935 | Lair:2   | Found a runed translucent door.
 13937 | Lair:2   | Noticed Pooter's ghost (journeyman MiBe)
 14094 | Lair:2   | Killed Pooter's ghost
 14952 | Lair:3   | Reached skill level 5 in Staves
 15173 | Lair:3   | Found a frozen archway.
 15179 | IceCv    | Entered an ice cave
 15673 | IceCv    | Noticed a death yak
 15692 | IceCv    | Killed a death yak
 15692 | IceCv    | Reached ****** piety under Wu Jian
 15811 | IceCv    | Noticed a death yak
 15812 | IceCv    | Noticed a death yak
 15828 | IceCv    | Killed a death yak
 15861 | IceCv    | Killed a death yak
 15868 | IceCv    | Gained mutation: A meltable icy envelope protects you from
                  | harm. (AC +4) [demonic ancestry]
 15868 | IceCv    | Reached XP level 13. HP: 98/98 MP: 6/21
 16458 | IceCv    | Noticed a frost giant
 16470 | IceCv    | Killed a frost giant
 16499 | IceCv    | Learned a level 2 spell: Passwall
 16648 | Lair:3   | Found a staircase to the Snake Pit.
 17374 | Lair:3   | Noticed Nessos
 17398 | Lair:3   | Killed Nessos
 17611 | Lair:4   | Reached skill level 10 in Staves
 18467 | Lair:4   | Found a runed translucent gate.
 18467 | Lair:4   | Found a runed translucent gate.
 18468 | Lair:4   | Found a runed translucent gate.
 18470 | Lair:4   | Noticed mrzisme's ghost (journeyman GrEE)
 18868 | Lair:4   | Killed mrzisme's ghost
 19085 | Lair:5   | Entered Level 5 of the Lair of Beasts
 19172 | Lair:5   | Reached skill level 10 in Transmutations
 19195 | Lair:5   | Learned a level 4 spell: Petrify
 19417 | Lair:5   | Gained mutation: You are robust. (+10% HP) [demonic
                  | ancestry]
 19417 | Lair:5   | Reached XP level 14. HP: 72/115 MP: 23/23
 19827 | Lair:5   | Found a viscous altar of Jiyva.
 19829 | Lair:5   | Found a staircase to the Slime Pits.
 20581 | Lair:5   | Noticed Rupert
 20590 | Lair:5   | Slain by Rupert

Illustrated notes

Levels and vault maps discovered:
D:1:      saegor_arrival_simple_e, layout_loops_corners,
          ebering_ecumenical_altar_mist
D:2:      layout_loops_ring, moated_statue
D:3:      layout_basic, gammafunk_temple_overflow_elements,
          cheibrodos_sewer_entry_sluice
D:4:      black_bear_nest_1, layout_loops_ring,
          mainiacjoe_overflow_concentric_impassable, serial_shops,
          nicolae_take_the_stairs
D:5:      layout_cave_pools, mainiacjoe_overflow_brackets,
          kennysheep_little_box, xom_teletrap_fun, uniq_crazy_yiuf_cottage,
          uniq_sigmund
D:6:      cheibrodos_fzero, layout_loops_ring, minmay_temple_entry_butterflies,
          uniq_grinder
D:7:      layout_cave_pools, led_sif_pool, chequers_serial_rivers_room_a
D:8:      layout_basic, minmay_lair_entry_grove, chequers_serial_rivers_room_b
Lair:1:   layout_roguey, uniq_joseph
Lair:2:   layout_misc_corridors, elwin_shoals_entry_stream,
          ebering_ghost_reflecting_pool
Lair:3:   layout_loops_ring, guppyfry_snake_entry_garden,
          portal_ice_cave_entry_ice_simulacra, chequers_serial_rivers_micro_c,
          uniq_nessos
Lair:4:   layout_cave_pods, gammafunk_ghost_necromancy, grunt_megastairs_5
Lair:5:   hangedman_lair_in_review, layout_loops_ring, guppyfry_lair_end_dragon,
          minmay_slime_entry_oklob_enclosed, worms_lemuel, uniq_rupert

Skill      XL: |  1  2  3  4  5  6  7  8  9 10 11 12 13 14 |
---------------+-------------------------------------------+-----
Stealth        | 1 2 |  2.0
Fighting       | 4 5 8 |  8.0
Short Blades   | 3 4 7 10 | 10.0
Armour         | 5 |  5.5
Spellcasting   | 5 6 7 |  7.8
Transmutations | 5 6 7 10 | 10.0
Dodging        | 4 8 10 | 10.0
Evocations     | 1 6 |  6.0
Staves         | 7 10 | 10.0
Throwing       | |  1.7

Action                   |  1- 3 |  4- 6 |  7- 9 | 10-12 | 13-15 || total
-------------------------+-------+-------+-------+-------+-------++-------
Melee: Rapier            |   175 |    85 |   316 |   662 |       ||  1238
       Punch             |     3 |     2 |     4 |     7 |       ||    16
       Kick              |       |       |    12 |       |       ||    12
       Headbutt          |       |       |     7 |       |       ||     7
       Quarterstaff      |       |       |       |   299 |   702 ||  1001
Throw: Javelin           |     1 |       |       |       |       ||     1
       Throwing net      |     3 |       |     4 |       |       ||     7
 Cast: Wereblood         |       |       |    10 |    26 |    10 ||    46
       Beastly Appendage |       |       |     2 |       |       ||     2
Invok: Lunge             |    15 |     7 |    17 |    21 |    13 ||    73
       Whirlwind         |       |       |     1 |     6 |     1 ||     8
Evoke: Wand              |       |       |       |     6 |     5 ||    11
  Use: Scroll            |     7 |     8 |     4 |     7 |     2 ||    28
       Potion            |     2 |     2 |     5 |     3 |     2 ||    14
 Stab: Sleeping          |     6 |       |     1 |     2 |       ||     9
       Held in net/web   |       |       |     4 |       |       ||     4
       Distracted        |       |       |     1 |       |     1 ||     2
       Invisible         |       |       |       |     4 |       ||     4
Armor: Leather armour    |    72 |     5 |    66 |   165 |   173 ||   481
       Plate armour      |       |    18 |     7 |       |       ||    25
Dodge: Dodged            |   145 |    37 |   279 |  1148 |   830 ||  2439
Block: Other             |       |       |    26 |   220 |   380 ||   626
       Reflection        |       |       |       |       |     5 ||     5

Table legend: (Time is in decaauts)
 A = Elapsed time spent in this place.
 B = Non-inter-level travel time spent in this place.
 C = Inter-level travel time spent in this place.
 D = Time resting spent in this place.
 E = Time spent auto-exploring this place.
 F = Levels seen in this place.
 G = Mean time per level.
                   A        B        C        D        E       F      G
               +--------+--------+--------+--------+--------+-----+--------+
         Total |  20379 |  19897 |    482 |   6422 |  10285 |  15 | 1358.6 |
       Dungeon |  10089 |   9731 |    358 |   2322 |   6077 |   8 | 1261.1 |
          Lair |   8273 |   8150 |    123 |   3062 |   3722 |   5 | 1654.6 |
         Sewer |    571 |    571 |      0 |    403 |     72 |   1 |  571.0 |
      Ice Cave |   1444 |   1444 |      0 |    635 |    414 |   1 | 1444.0 |
               +--------+--------+--------+--------+--------+-----+--------+

Top non-repeatable levels by time:
  Lair:1: 2087 daAuts
  Lair:2: 2054 daAuts
     D:5: 1988 daAuts
     D:4: 1809 daAuts
  Lair:5: 1481 daAuts
   IceCv: 1444 daAuts
  Lair:4: 1434 daAuts
     D:1: 1323 daAuts
     D:6: 1290 daAuts
  Lair:3: 1215 daAuts
     D:8: 1164 daAuts
     D:3: 957 daAuts
     D:2: 872 daAuts
     D:7: 682 daAuts
   Sewer: 571 daAuts
